[Event "ICC tourney 1905 (10 3)"]
[Site "Internet Chess Club"]
[Date "2020.07.05"]
[Round "4"]
[White "Kiwimonster31"]
[Black "investigator"]
[Result "1-0"]
[ICCResult "Black resigns"]
[WhiteElo "1490"]
[BlackElo "1574"]
[Opening "Pirc: classical system, 5.Be2"]
[ECO "B08"]
[NIC "PU.01"]
[Time "13:49:19"]
[TimeControl "600+3"]

1. e4 d6 2. d4 Nf6 3. Nc3 g6 4. Nf3 Bg7 5. Be2 O-O 6. O-O Bg4 7. Be3 Nc6 8.
h3 Bxf3 9. Bxf3 Re8 10. Re1 e5 11. dxe5 dxe5 12. Ne2 Qe7 13. c3 a5 14. a4
Red8 15. Qb3 b6 16. Rad1 Nd7 17. Qb5 Na7 18. Qb3 Nc5 19. Qc4 Qe6 20. Rd5 c6
21. Rxd8+ Rxd8 22. Qxe6 Nxe6 23. Bxb6 Rd7 24. Bxa5 f5 25. Ng3 f4 26. Nf1 Rb7
27. b4 c5 28. b5 c4 29. Nd2 Nc5 30. Bd1 Nd3 31. Rf1 Nb2 32. Bc2 Bf8 33. Rb1
Ba3 34. Ra1 Bc5 35. Ra2 Nd3 36. Nxc4 Nxf2 37. Kf1 Re7 38. Bb1 Kf7 39. Rxf2
Bxf2 40. Kxf2 h5 41. Ba2 Kg7 42. Bb4 Re8 43. Bd6 Kf6 44. Bxe5+ Rxe5 45. Nxe5
Kxe5 46. b6 Nc6 47. Bd5 Nb8 48. a5 Kd6 49. Kf3 g5 50. h4 gxh4 51. Kxf4
{Black resigns}
1-0

[Event "ICC tourney 1905 (10 3)"]
[Site "Internet Chess Club"]
[Date "2020.07.05"]
[Round "4"]
[White "jy2020"]
[Black "Wizard98"]
[Result "0-1"]
[ICCResult "White resigns"]
[WhiteElo "1912"]
[BlackElo "2210"]
[Opening "Caro-Kann: two knights variation"]
[ECO "B10"]
[NIC "CK.01"]
[Time "13:49:35"]
[TimeControl "600+3"]

1. e4 c6 2. Nf3 d5 3. Nc3 g6 4. d4 Bg7 5. h3 dxe4 6. Nxe4 Nf6 7. Bd3 O-O 8.
O-O Nxe4 9. Bxe4 Nd7 10. c3 Nf6 11. Bc2 b6 12. Re1 Bb7 13. Bf4 e6 14. Qe2 c5
15. Rad1 cxd4 16. Nxd4 Qd5 17. Qf3 Rfd8 18. Qxd5 Nxd5 19. Be5 Bxe5 20. Rxe5
Nf4 21. f3 Rac8 22. Ree1 Ba6 23. Re4 Nd5 24. Bd3 Bb7 25. Ree1 Nf4 26. Bf1
Kg7 27. Kf2 g5 28. g3 Nd5 29. Nb3 Ne7 30. Be2 h5 31. Rxd8 Rxd8 32. Rd1 Rxd1
33. Bxd1 Ng6 34. Bc2 h4 35. Bxg6 Kxg6 36. gxh4 gxh4 37. Ke3 e5 38. c4 Bc8
39. c5 Bxh3 40. cxb6 axb6 41. Nd2 Be6 42. a3 f5 43. b4 b5 44. Nb1 Bd5 45.
Nc3 Bc6 46. Kf2 Kg5 47. Ne2 h3 48. Kg3 f4+ 49. Kxh3 Bxf3 50. Nc3 Bc6 51. Ne2
Kf5 52. Nc3 e4 53. Kg2 e3+ 54. Kf1 f3 55. Ke1 Ke5 56. a4 f2+ 57. Kf1 Bd7
{White resigns}
0-1

[Event "ICC tourney 1905 (10 3)"]
[Site "Internet Chess Club"]
[Date "2020.07.05"]
[Round "4"]
[White "nicochasin"]
[Black "Venegas"]
[Result "1-0"]
[ICCResult "Black forfeits on time"]
[WhiteElo "1721"]
[BlackElo "1645"]
[Opening "Sicilian: dragon, Yugoslav attack, 10.O-O-O"]
[ECO "B78"]
[NIC "SI.18"]
[Time "13:49:23"]
[TimeControl "600+3"]

1. e4 c5 2. Nf3 d6 3. d4 cxd4 4. Nxd4 Nf6 5. Nc3 g6 6. Bc4 Bg7 7. f3 Nc6 8.
Be3 O-O 9. Qd2 Bd7 10. O-O-O Rb8 11. g4 Nxd4 12. Bxd4 b5 13. Bb3 a5 14. g5
Nh5 15. a4 bxa4 16. Bxg7 Nxg7 17. Nxa4 Rb4 18. Nc3 a4 19. Nd5 Rb7 20. Bc4
Be6 21. Qd4 Qa5 22. Rd3 Rfb8 23. Rhd1 Nh5 24. Ra3 Rxb2 25. Bb3 R2xb3 26.
cxb3 Bxd5 27. exd5 Rb4 28. Qc3 Qb6 29. Rxa4 Rxa4 30. bxa4 Nf4 31. Rd2 Qg1+
32. Kc2 Qxg5 33. Qc4 Qf5+ 34. Qe4 Qf6 35. a5 g5 36. Qd4 Qf5+ 37. Kb2 Qc8 38.
Qb6 Qc4 39. Qb3 Qf1 40. Qb6 Ne2 41. Rc2 Qxf3 42. a6 Nf4 43. a7 Nd3+ 44. Ka1
Qh1+ 45. Qb1 Qxd5 46. Qb8+ Kg7 47. a8=Q Qd4+ 48. Kb1 Qg1+ 49. Ka2
{Black forfeits on time}
1-0

[Event "ICC tourney 1905 (10 3)"]
[Site "Internet Chess Club"]
[Date "2020.07.05"]
[Round "4"]
[White "Aleksandrov73"]
[Black "PushU2Blunders"]
[Result "0-1"]
[ICCResult "White forfeits on time"]
[WhiteElo "2291"]
[BlackElo "2158"]
[Opening "Nimzo-Indian: Reshevsky variation"]
[ECO "E46"]
[NIC "NI.10"]
[Time "13:49:10"]
[TimeControl "600+3"]

1. d4 Nf6 2. c4 e6 3. Nc3 Bb4 4. e3 O-O 5. Ne2 d5 6. cxd5 exd5 7. g3 c5 8.
dxc5 Bxc5 9. Bg2 Nc6 10. O-O Ne5 11. h3 Be6 12. Nf4 Qd7 13. b3 Ng6 14. Nce2
Nxf4 15. Nxf4 d4 16. e4 Bb6 17. Bb2 Rfd8 18. Qd3 a5 19. a4 Rac8 20. Kh2 Qd6
21. Nxe6 Qxe6 22. Rac1 Rxc1 23. Rxc1 Nd7 24. Qb5 h5 25. f4 h4 26. g4 Qf6 27.
Rf1 Qc6 28. Qxc6 bxc6 29. Rd1 c5 30. g5 f6 31. gxf6 Bc7 32. Bc1 g5 33. e5
gxf4 34. Bxf4 Bxe5 35. Bxe5 Nxe5 36. Re1 Nd3 37. Re7 Kf8 38. Rh7 Rd6 39. Rh6
Kf7 40. Be4 Nf4 41. Rxh4 Rxf6 42. Rh7+ Ke6 43. Rc7 Ke5 44. Bf3 Ne6 45. Bg4
Nxc7 {White forfeits on time} 0-1

[Event "ICC tourney 1905 (10 3)"]
[Site "Internet Chess Club"]
[Date "2020.07.05"]
[Round "4"]
[White "DanLapan"]
[Black "harkerchess"]
[Result "1-0"]
[ICCResult "Black resigns"]
[WhiteElo "1588"]
[BlackElo "1281"]
[Opening "Alapin's opening"]
[ECO "C20"]
[NIC "KP.10"]
[Time "13:49:17"]
[TimeControl "600+3"]

1. e4 e5 2. Ne2 Nf6 3. f4 d6 4. Nbc3 Nc6 5. g3 Nd4 6. Bg2 Nxe2 7. Qxe2 Bg4
8. Qb5+ c6 9. Qxb7 Bd7 10. O-O exf4 11. Rxf4 Be7 12. d4 O-O 13. Qa6 Nh5 14.
Rf2 Rb8 15. Qd3 Bf6 16. Bf3 g6 17. Ne2 Ng7 18. c3 c5 19. Nf4 Bb5 20. Qd1
cxd4 21. cxd4 Qb6 22. Be3 Qa6 23. Qd2 Ne6 24. Nxe6 fxe6 25. Bg4 Bc4 26. Bh6
Rf7 27. b3 Rxb3 28. e5 Be7 29. Rxf7 Kxf7 30. Re1 Rb8 31. exd6 Bxd6 32. Qf2+
Kg8 33. Qf6 Qb7 34. Bxe6+ Bxe6 35. Qxe6+ Qf7 36. Qxd6 Re8 37. Rxe8+ Qxe8 38.
Qd5+ Kh8 39. Qe5+ {Black resigns} 1-0

[Event "ICC tourney 1905 (10 3)"]
[Site "Internet Chess Club"]
[Date "2020.07.05"]
[Round "4"]
[White "davika21"]
[Black "justinchess"]
[Result "0-1"]
[ICCResult "White resigns"]
[WhiteElo "1586"]
[BlackElo "2158"]
[Opening "Caro-Kann: classical, 6.h4"]
[ECO "B18"]
[NIC "CK.12"]
[Time "13:49:17"]
[TimeControl "600+3"]

1. e4 c6 2. d4 d5 3. Nc3 dxe4 4. Nxe4 Bf5 5. Ng3 Bg6 6. h4 h6 7. h5 Bh7 8.
Nf3 Nd7 9. Bd3 Bxd3 10. Qxd3 e6 11. Bd2 Ngf6 12. O-O-O Be7 13. Kb1 Qb6 14.
c4 O-O 15. Bc3 Rfd8 16. Ne4 Nxe4 17. Qxe4 Qa6 18. Qe2 Nf6 19. Ne5 b5 20. b3
bxc4 21. Qxc4 Qxc4 22. Nxc4 Ne4 23. Be1 Bf6 24. f3 Nd6 25. Ne5 Rac8 26. Bf2
Nb5 27. Kb2 c5 28. Rhe1 Nxd4 29. Bxd4 cxd4 30. Nd3 Kf8 31. Rc1 Rc3 32. Red1
Rdc8 33. g4 Ke7 34. Nf2 Bg5 35. Rxc3 Rxc3 36. Rd3 Be3 {White resigns} 0-1

[Event "ICC tourney 1905 (10 3)"]
[Site "Internet Chess Club"]
[Date "2020.07.05"]
[Round "4"]
[White "allez"]
[Black "helavir"]
[Result "0-1"]
[ICCResult "White resigns"]
[WhiteElo "2059"]
[BlackElo "2168"]
[Opening "Colle system"]
[ECO "D05"]
[NIC "QP.08"]
[Time "13:49:36"]
[TimeControl "600+3"]

1. d4 d5 2. Nf3 Nf6 3. e3 e6 4. Bd3 c5 5. c3 Nc6 6. O-O Bd6 7. Nbd2 O-O 8.
dxc5 Bxc5 9. b4 Be7 10. Bb2 b6 11. a3 Bb7 12. c4 a5 13. b5 Nb8 14. Qc2 Nbd7
15. Rac1 Rc8 16. Qb1 dxc4 17. Nxc4 Bxf3 18. gxf3 Rc5 19. Rfd1 Qb8 20. f4 h6
21. Bd4 Rd5 22. Ne5 Nxe5 23. Bxe5 Rxe5 24. fxe5 Qxe5 25. Rc4 Bd6 26. Rf4 Nd5
27. Rc4 Qxh2+ 28. Kf1 Qh3+ 29. Ke2 Qh5+ 30. Kd2 Bxa3 31. Kc2 Be7 32. Kb3 Nb4
33. Ka4 Qf3 34. Rf4 Qb7 35. Bh7+ Kh8 36. Rfd4 Nd5 37. Qd3 Bf6 38. e4 Nb4 39.
Rxb4 axb4 40. e5 Ra8+ 41. Kxb4 Be7+ 42. Kc4 Ra4+ 43. Kb3 Ra3+ 44. Kb2 Rxd3
45. Bxd3 Qd5 46. Bc2 Qxe5+ 47. Kc1 Ba3+ 48. Kd2 Bb4+ 49. Kd3 Qc3+
{White resigns}
0-1

[Event "ICC tourney 1905 (10 3)"]
[Site "Internet Chess Club"]
[Date "2020.07.05"]
[Round "4"]
[White "MrNormalName"]
[Black "bpovo1394"]
[Result "0-1"]
[ICCResult "White resigns"]
[WhiteElo "1721"]
[BlackElo "1098"]
[Opening "QGD Slav defense"]
[ECO "D10"]
[NIC "SL.01"]
[Time "13:49:27"]
[TimeControl "600+3"]

1. d4 d5 2. c4 c6 3. Nc3 Nf6 4. e3 a6 5. Nf3 Bf5 6. Qb3 b5 7. cxd5 cxd5 8.
Qd1 e6 9. Bd3 Bxd3 10. Qxd3 Bd6 11. O-O h6 12. Ne5 O-O 13. Bd2 Nbd7 14. f4
Qb6 15. Kh1 Rac8 16. g4 Bxe5 17. fxe5 Nxg4 18. h3 Ngxe5 19. dxe5 Nxe5 20.
Qd4 Qxd4 21. exd4 Nc4 22. Bc1 Rc6 23. b3 Ne3 24. Bxe3 Rxc3 25. Rfe1 Rfc8 26.
Rac1 Rc2 27. Kg1 R8c3 28. Bd2 Rxc1 29. Rxc1 Rd3 30. Rc8+ Kh7 31. Bc3 Rxh3
32. a4 b4 33. Bxb4 Rxb3 34. Be1 Rb1 35. Kf2 h5 36. Rc6 h4 37. Bc3 Rc1 38.
Rc5 Rc2+ 39. Kg1 g5 40. Ba5 Ra2 41. Bd8 Kg6 42. Ra5 h3 43. Rxa6 g4 44. Bc7
g3 45. Bxg3 Rg2+ 46. Kh1 Rxg3 47. Ra8 Ra3 48. a5 Kf5 49. Kh2 f6 50. a6 e5
51. a7 exd4 52. Rd8 Rxa7 53. Rxd5+ Ke4 54. Rd8 Rh7 55. Re8+ Kd3 56. Rd8 Ke3
57. Re8+ Kd2 58. Rf8 Rh6 59. Ra8 d3 60. Ra2+ Kc3 61. Ra3+ Kc2 62. Ra2+ Kb3
63. Ra8 d2 64. Rd8 Kc2 65. Rc8+ Kd1 66. Re8 Rh5 67. Rf8 Ke1 68. Re8+ Re5 69.
Rxe5+ fxe5 70. Kxh3 d1=Q {White resigns} 0-1

[Event "ICC tourney 1905 (10 3)"]
[Site "Internet Chess Club"]
[Date "2020.07.05"]
[Round "4"]
[White "chessmate09520"]
[Black "taupuri"]
[Result "1-0"]
[ICCResult "Black resigns"]
[WhiteElo "1357"]
[BlackElo "1197"]
[Opening "Caro-Kann: exchange variation"]
[ECO "B13"]
[NIC "CK.02"]
[Time "13:49:12"]
[TimeControl "600+3"]

1. e4 c6 2. d4 d5 3. exd5 cxd5 4. Bd3 Nc6 5. c3 Nf6 6. h3 e6 7. Nf3 Bd6 8.
O-O O-O 9. Re1 h6 10. Ne5 Qc7 11. Bf4 Bd7 12. Nd2 Rfb8 13. Ndf3 b5 14. Nxd7
Nxd7 15. Bxd6 Qxd6 16. Re3 b4 17. Nh2 bxc3 18. bxc3 Nf6 19. Ng4 Nxg4 20.
Qxg4 Qe7 21. h4 Kh8 22. Rf3 Rb2 23. a4 Rb6 24. a5 Rb3 25. Bf1 Rab8 26. Qh5
Kh7 27. Rxf7 Qe8 28. Bd3+ Kg8 29. Bg6 Qd8 30. Bc2 R3b7 31. Rf3 Qe8 32. Bg6
Qe7 33. Re1 Rf8 34. Rxf8+ Kxf8 35. Qg4 Nd8 36. a6 Rb6 37. Bd3 Nf7 38. Re3
Ke8 39. Qxg7 Qf8 40. Qg4 Kd7 41. Re1 Qe7 42. Qf3 Nd6 43. Re5 Nf7 44. Rh5 Rb8
45. Bg6 Rf8 46. Qe2 Nd6 47. Bd3 Qf6 48. Qe3 Nf7 49. Qf3 Qe7 50. Qg3 Nd6 51.
Rxh6 Rf7 52. Rg6 Kc7 53. h5 Kc6 54. h6 Rh7 55. Rg7 Rxg7 56. Qxg7 Qd8 57. h7
Qb6 58. h8=Q {Black resigns} 1-0

[Event "ICC tourney 1905 (10 3)"]
[Site "Internet Chess Club"]
[Date "2020.07.05"]
[Round "4"]
[White "dopolian"]
[Black "Kokoro"]
[Result "0-1"]
[ICCResult "White forfeits on time"]
[WhiteElo "2079"]
[BlackElo "1809"]
[Opening "Sicilian: Najdorf, Adams attack"]
[ECO "B90"]
[NIC "SI.14"]
[Time "13:50:03"]
[TimeControl "600+3"]

1. e4 c5 2. Nf3 d6 3. d4 cxd4 4. Nxd4 Nf6 5. Nc3 a6 6. h3 e6 7. g4 b5 8. Bg2
Bb7 9. O-O Nfd7 10. Re1 Be7 11. f4 Nc6 12. Be3 O-O 13. a3 Rc8 14. Qd2 Nb6
15. b3 Bf6 16. Rad1 Nxd4 17. Bxd4 Bxd4+ 18. Qxd4 Qc7 19. Qxd6 Qxc3 20. Qxb6
Ba8 21. Re2 Qb2 22. Qd4 Qxa3 23. Ra1 Qe7 24. Rxa6 Rfd8 25. Ra7 Rc7 26. Rxc7
Qxc7 27. Qe3 e5 28. f5 Rd1+ 29. Kh2 Qd7 30. Qb6 Bb7 31. Qe3 h6 32. h4 b4 33.
Qc5 Ba6 34. Rf2 Qd8 35. Kg3 Qb8 36. f6 g6 37. Qe3 Kh7 38. Rd2 Rxd2 39. Qxd2
Qb6 40. g5 Bc8 41. Qf2 Qe6 42. Qe2 Qd6 43. Qc4 Be6 44. Qe2 Qd4 45. Qf2 Qc3+
46. Kh2 h5 47. Bf3 Qb2 48. Qe2 Qd4 49. Kg2 Bg4 50. Bxg4 hxg4 51. Qd3 Qa7 52.
Qc4 Qd7 53. Qd5 Qa7 {White forfeits on time} 0-1

[Event "ICC tourney 1905 (10 3)"]
[Site "Internet Chess Club"]
[Date "2020.07.05"]
[Round "4"]
[White "Openyagami"]
[Black "Pschaak"]
[Result "0-1"]
[ICCResult "White forfeits on time"]
[WhiteElo "2849"]
[BlackElo "2098"]
[Opening "English: symmetrical variation"]
[ECO "A30"]
[NIC "EO.26"]
[Time "13:49:11"]
[TimeControl "600+3"]

1. c4 c5 2. g3 g6 3. Nf3 Bg7 4. Bg2 Nc6 5. O-O Nf6 6. d4 cxd4 7. Nxd4 O-O 8.
Nc3 Nxd4 9. Qxd4 d6 10. Bg5 Be6 11. Qd3 Qc7 12. b3 a6 13. Rac1 Rfc8 14. Rfd1
Rab8 15. a4 Qd7 16. a5 b6 17. axb6 Rxb6 18. Na4 Rbb8 19. Be3 Qc7 20. Bd4 Bd7
21. Ra1 Bc6 22. Bh3 Re8 23. Ra3 Nd7 24. Bxg7 Kxg7 25. Qd4+ f6 26. Bxd7 Qxd7
27. Nc3 Qc7 28. Rda1 Rb6 29. h4 h5 30. Nd5 Bxd5 31. Qxd5 Reb8 32. Qd3 Qc5
33. Qc3 Qb4 34. Qe3 R6b7 35. Qd3 Qc5 36. e3 Kf7 37. Qc3 Qb4 38. Qd4 Qc5 39.
Qxc5 dxc5 40. Rxa6 Rxb3 41. Rc6 Rc3 42. Rxc5 Rb4 43. Rc8 Rcxc4 44. Rh8 Rc2
45. Rh7+ Ke6 46. Kg2 Rbb2 47. Rf1 f5 48. Rg7 Kf6 49. Rg8 Re2 50. Ra8 Rxe3
51. Ra6+ Re6 52. Rxe6+ Kxe6 53. Re1+ Kf6 54. Ra1 Rb6 55. Ra8 e5 56. Rf8+ Kg7
57. Re8 Rb5 58. Re6 Kf7 59. Rc6 e4 60. Ra6 Rb2 61. Kg1 Re2 62. Rb6 Rd2 63.
Rc6 Rd3 64. Kg2 f4 65. Rc4 fxg3 66. Rxe4 gxf2 67. Kxf2 Kf6 68. Ra4 Kf5 69.
Ra5+ Kf6 70. Ra6+ Kf7 71. Kg2 Re3 72. Kh2 Re6 73. Ra5 Kf6 74. Kg3 Re5 75.
Ra8 Re4 76. Re8 Rxe8 {White forfeits on time} 0-1

[Event "ICC tourney 1905 (10 3)"]
[Site "Internet Chess Club"]
[Date "2020.07.05"]
[Round "4"]
[White "Venom2020"]
[Black "ganzy"]
[Result "0-1"]
[ICCResult "White forfeits on time"]
[WhiteElo "1846"]
[BlackElo "1415"]
[Opening "Sicilian: Pelikan, Chelyabinsk variation"]
[ECO "B33"]
[NIC "SI.37"]
[Time "13:49:17"]
[TimeControl "600+3"]

1. e4 c5 2. Nf3 Nc6 3. d4 cxd4 4. Nxd4 Nf6 5. Nc3 e5 6. Ndb5 d6 7. Bg5 a6 8.
Na3 b5 9. Nd5 Be7 10. Bxf6 Bxf6 11. c3 O-O 12. Nc2 Bg5 13. h4 Bh6 14. g3 Kh8
15. Bg2 Be6 16. Nce3 g6 17. O-O Rb8 18. h5 Qg5 19. hxg6 hxg6 20. Nc7 Qd8 21.
Nxe6 fxe6 22. Qd3 Qe7 23. Rad1 Rfd8 24. Ng4 Bg7 25. Qe2 b4 26. Qxa6 Qc7 27.
Qc4 bxc3 28. Qxc3 Qb6 29. b3 Nd4 30. Qd3 Rdc8 31. Ne3 Rc3 32. Qd2 Bh6 33.
Rc1 Rbc8 34. Rxc3 Rxc3 35. Nc4 Bxd2 36. Nxb6 Rc2 37. Nc4 Bb4 38. a3 Bc5 39.
Ne3 Ra2 40. b4 Ba7 41. Nc4 Bb8 42. Rd1 Rc2 43. Bf1 Kg7 44. Kg2 Kf7 45. Rd2
Rc3 46. Rd3 Rc2 47. Rd2 Rc3 48. a4 Ke7 49. a5 Rb3 50. Rb2 d5 51. Rxb3 Nxb3
52. exd5 exd5 53. Nb6 d4 54. a6 Kd6 55. a7 Bxa7 56. Nc8+ Kc7 57. Nxa7 Kb6
58. Nc8+ Kc7 59. Ne7 Kd6 60. Nxg6 e4 61. Nf4 Nc1 {White forfeits on time}
0-1

[Event "ICC tourney 1905 (10 3)"]
[Site "Internet Chess Club"]
[Date "2020.07.05"]
[Round "5"]
[White "GeneraLisimus"]
[Black "GGuseinov"]
[Result "1/2-1/2"]
[ICCResult "Game drawn by mutual agreement"]
[WhiteElo "2880"]
[BlackElo "3037"]
[Opening "Sicilian: accelerated fianchetto, modern variation with Bc4"]
[ECO "B35"]
[NIC "SI.33"]
[Time "14:20:25"]
[TimeControl "600+3"]

1. e4 c5 2. Nf3 g6 3. d4 cxd4 4. Nxd4 Nc6 5. Nc3 Bg7 6. Be3 Nf6 7. Bc4 O-O
8. Bb3 a5 9. O-O d6 10. h3 Nxd4 11. Bxd4 Bd7 12. a4 Bc6 13. e5 dxe5 14. Bxe5
e6 15. Qe2 {Game drawn by mutual agreement} 1/2-1/2

[Event "ICC tourney 1905 (10 3)"]
[Site "Internet Chess Club"]
[Date "2020.07.05"]
[Round "5"]
[White "musk6868"]
[Black "Venom2020"]
[Result "0-1"]
[ICCResult "White checkmated"]
[WhiteElo "1737"]
[BlackElo "1861"]
[Opening "Sicilian: Alapin's variation (2.c3)"]
[ECO "B22"]
[NIC "SI.46"]
[Time "14:20:47"]
[TimeControl "600+3"]

1. e4 c5 2. c3 Nf6 3. e5 Nd5 4. Bc4 Nb6 5. Bb3 Nc6 6. Nf3 d5 7. exd6 Qxd6 8.
O-O Be6 9. Bxe6 Qxe6 10. d4 cxd4 11. Nxd4 Nxd4 12. Qxd4 Rd8 13. Qh4 Qe2 14.
Na3 Rd1 15. Be3 Qxf1# {White checkmated} 0-1

[Event "ICC tourney 1905 (10 3)"]
[Site "Internet Chess Club"]
[Date "2020.07.05"]
[Round "5"]
[White "PushU2Blunders"]
[Black "NyzhnykIllia"]
[Result "0-1"]
[ICCResult "White resigns"]
[WhiteElo "2135"]
[BlackElo "1918"]
[Opening "French: Tarrasch, open variation"]
[ECO "C07"]
[NIC "FR.18"]
[Time "14:20:20"]
[TimeControl "600+3"]

1. e4 e6 2. d4 d5 3. Nd2 c5 4. Ngf3 cxd4 5. Nxd4 Nc6 6. Nxc6 bxc6 7. Bd3 Ne7
8. b3 Ng6 9. Bb2 Bc5 10. O-O O-O 11. Qh5 Bd6 12. e5 Be7 13. Rfe1 a5 14. Rad1
Ba6 15. c4 a4 16. Re3 a3 17. Ba1 Qe8 18. Rh3 h6 19. Rg3 Rd8 20. cxd5 Bxd3
21. Rxd3 Nf4 {White resigns} 0-1

[Event "ICC tourney 1905 (10 3)"]
[Site "Internet Chess Club"]
[Date "2020.07.05"]
[Round "5"]
[White "Pschaak"]
[Black "manest"]
[Result "1/2-1/2"]
[ICCResult "Game drawn by mutual agreement"]
[WhiteElo "2113"]
[BlackElo "2774"]
[Opening "Queen's bishop game"]
[ECO "D02"]
[NIC "QP.08"]
[Time "14:20:29"]
[TimeControl "600+3"]

1. d4 d5 2. Nf3 Nf6 3. Bf4 c5 4. e3 Nc6 5. c3 Qb6 6. Qb3 c4 7. Qc2 Bf5 8.
Qc1 Nh5 9. Bg5 h6 10. Bh4 g5 11. Bg3 Nxg3 12. hxg3 Bg7 13. Nbd2 Qc7 14. b3
cxb3 15. axb3 O-O 16. Be2 Rac8 17. Qb2 a6 18. O-O e5 19. dxe5 Nxe5 20. Nd4
Bd3 21. Nb1 Bxb1 22. Qxb1 Qxc3 23. Rc1 Qb4 24. Qf5 Rc3 25. Rab1 Re8 26. Bh5
Re7 27. Kh2 {Game drawn by mutual agreement} 1/2-1/2

[Event "ICC tourney 1905 (10 3)"]
[Site "Internet Chess Club"]
[Date "2020.07.05"]
[Round "5"]
[White "taupuri"]
[Black "andrewjiang2"]
[Result "1-0"]
[ICCResult "Black resigns"]
[WhiteElo "1241"]
[BlackElo "1109"]
[Opening "Torre attack (Tartakower variation)"]
[ECO "D03"]
[NIC "QP.08"]
[Time "14:20:38"]
[TimeControl "600+3"]

1. d4 d5 2. Nf3 Nf6 3. Bg5 e6 4. Nbd2 c5 5. e3 Nc6 6. c3 Be7 7. Bd3 O-O 8.
O-O Qc7 9. Bf4 Qd8 10. Ne5 Bd6 11. Bg3 Qc7 12. f4 Nd7 13. Qh5 f5 14. Qf3 Nf6
15. Bh4 Ne4 16. Qe2 Be7 17. Bxe7 Qxe7 18. Ndf3 Qd6 19. Rfd1 b6 20. Bb5 Bb7
21. Rac1 a6 22. Ba4 b5 23. Bc2 Rad8 24. Bxe4 fxe4 25. Ng5 h6 26. Nh3 Nxe5
27. fxe5 Qe7 28. Nf4 Kh7 29. Qg4 Rde8 30. Ng6 Rf5 31. Nxe7 {Black resigns}
1-0

[Event "ICC tourney 1905 (10 3)"]
[Site "Internet Chess Club"]
[Date "2020.07.05"]
[Round "5"]
[White "destroyingeagle"]
[Black "Kyle2007"]
[Result "1-0"]
[ICCResult "Black checkmated"]
[WhiteElo "1421"]
[BlackElo "1448"]
[Opening "R?ti opening"]
[ECO "A04"]
[NIC "QP.10"]
[Time "14:20:27"]
[TimeControl "600+3"]

1. Nf3 c5 2. g3 g6 3. Bg2 Bg7 4. O-O Nc6 5. d3 e5 6. e4 Nge7 7. c3 O-O 8.
Nh4 d6 9. f4 f5 10. Nf3 h6 11. Na3 Be6 12. Qe2 Qd7 13. Nc2 Rab8 14. Be3 b5
15. fxe5 dxe5 16. Bxc5 Rfd8 17. Rfd1 f4 18. d4 exd4 19. Ncxd4 fxg3 20. hxg3
Nxd4 21. Bxd4 Bc4 22. Qe3 Qe6 23. Bxg7 Kxg7 24. b3 Bd5 25. Qd4+ Kh7 26. exd5
Nxd5 27. Ng5+ hxg5 28. Bxd5 Qh3 29. Qf2 Qg4 30. Kg2 Rd7 31. Bf3 Qe6 32.
Rxd7+ Qxd7 33. Rd1 Qc7 34. Qd4 Qb6 35. Rh1+ Kg8 36. Rh8+ Kf7 37. Rh7+ Ke6
38. Bg4# {Black checkmated} 1-0

[Event "ICC tourney 1905 (10 3)"]
[Site "Internet Chess Club"]
[Date "2020.07.05"]
[Round "5"]
[White "GutsyEdge"]
[Black "MrNormalName"]
[Result "0-1"]
[ICCResult "White checkmated"]
[WhiteElo "1129"]
[BlackElo "1722"]
[Opening "Catalan: closed, 5.Nf3"]
[ECO "E06"]
[NIC "CA.05"]
[Time "14:21:17"]
[TimeControl "600+3"]

1. d4 Nf6 2. c4 e6 3. Nf3 d5 4. g3 Be7 5. Bg2 O-O 6. O-O dxc4 7. Qc2 a6 8.
a4 Bd7 9. Nc3 c5 10. Rd1 Nc6 11. dxc5 Bxc5 12. Bg5 Nb4 13. Qd2 Bc6 14. Ne5
Qxd2 15. Rxd2 Bxg2 16. Kxg2 Nfd5 17. Nxc4 f6 18. Bf4 Nxc3 19. bxc3 Nd5 20.
e4 Nxc3 21. e5 b5 22. Ne3 g5 23. axb5 gxf4 24. gxf4 Bxe3 25. fxe3 axb5 26.
Rc1 Nd5 27. exf6 Rxf6 28. Kf3 Ra3 29. Rc8+ Kf7 30. Re2 Rxf4+ 31. Kg2 Rxe3
32. Rxe3 Nxe3+ 33. Kg3 Rf5 34. h4 h5 35. Rb8 Kf6 36. Rf8+ Ke5 37. Rb8 Ke4
38. Re8 Rf3+ 39. Kh2 e5 40. Rb8 Rf2+ 41. Kg1 Rg2+ 42. Kh1 Rb2 43. Rh8 Nf5
44. Rd8 Nxh4 45. Rc8 Nf5 46. Rc7 h4 47. Rc6 h3 48. Rc8 Ng3+ 49. Kg1 Rg2#
{White checkmated}
0-1

[Event "ICC tourney 1905 (10 3)"]
[Site "Internet Chess Club"]
[Date "2020.07.05"]
[Round "5"]
[White "Venegas"]
[Black "RagingKnightNC"]
[Result "1-0"]
[ICCResult "Black checkmated"]
[WhiteElo "1652"]
[BlackElo "1543"]
[Opening "King's Indian: orthodox, Aronin-Taimanov variation (Yugoslav attack / Mar del Plata variation)"]
[ECO "E97"]
[NIC "KI.22"]
[Time "14:21:17"]
[TimeControl "600+3"]

1. Nf3 Nf6 2. c4 g6 3. Nc3 Bg7 4. e4 d6 5. d4 Nc6 6. Be2 O-O 7. O-O e5 8. d5
Ne7 9. Bg5 h6 10. Bxf6 Bxf6 11. b4 Bg7 12. c5 f5 13. Nd2 f4 14. Bg4 Bxg4 15.
Qxg4 h5 16. Qe6+ Kh7 17. Nc4 Rf6 18. Qh3 Qe8 19. a4 a6 20. a5 g5 21. Qd3 f3
22. g3 Qd7 23. Rfd1 Qh3 24. Qf1 Qd7 25. cxd6 cxd6 26. Nb6 Qe8 27. Nxa8 Qxa8
28. Rd3 Qc8 29. Rc1 h4 30. Na4 Qg4 31. h3 Qxe4 32. Re3 Qxb4 33. Qd3+ Nf5 34.
Re4 Qb5 35. Qxf3 Nxg3 36. Qg4 Rf4 37. Rxf4 Ne2+ 38. Kh2 exf4 39. Qh5+ Kg8
40. Rc8+ Bf8 41. Qg6+ Kh8 42. Rxf8# {Black checkmated} 1-0

[Event "ICC tourney 1905 (10 3)"]
[Site "Internet Chess Club"]
[Date "2020.07.05"]
[Round "5"]
[White "harkerchess"]
[Black "davika21"]
[Result "1-0"]
[ICCResult "Black resigns"]
[WhiteElo "1307"]
[BlackElo "1551"]
[Opening "French defense, Steiner variation"]
[ECO "A13"]
[NIC "EO.64"]
[Time "14:20:22"]
[TimeControl "600+3"]

1. c4 e6 2. e4 d5 3. exd5 exd5 4. d4 Nf6 5. Nc3 c6 6. Bg5 Be7 7. cxd5 Nxd5
8. Bxe7 Qxe7+ 9. Qe2 Nxc3 10. Qxe7+ Kxe7 11. bxc3 Re8 12. Bd3 h6 13. Nf3
Kf8+ 14. Kd2 Nd7 15. Rab1 c5 16. Bf5 cxd4 17. cxd4 Nb6 18. Bd3 Be6 19. a4
Nxa4 20. Rxb7 Nb6 21. Ne5 Rec8 22. Ra1 Rd8 23. Raxa7 Rxa7 24. Rxa7 Rxd4 25.
Rb7 Nd7 26. Nf3 Rd6 27. Rc7 Bf5 28. Rc3 Nf6 29. Kc2 Rxd3 30. Rxd3 Nd5 31.
Ne1 Nb4+ 32. Kc3 Nxd3 33. Nxd3 Bxd3 34. Kxd3 Ke7 35. Ke4 Ke6 36. g4 g6 37.
f4 f5+ 38. gxf5+ gxf5+ 39. Kd4 Kd6 40. h3 Ke6 41. Kc5 Kf6 42. Kd6 Kf7 43.
Ke5 Kg6 44. Ke6 Kg7 45. Kxf5 Kf7 46. h4 Kg7 47. Ke6 Kg6 48. f5+ Kg7 49. Ke7
h5 50. f6+ {Black resigns} 1-0

[Event "ICC tourney 1905 (10 3)"]
[Site "Internet Chess Club"]
[Date "2020.07.05"]
[Round "5"]
[White "dabbindino"]
[Black "Openyagami"]
[Result "0-1"]
[ICCResult "White resigns"]
[WhiteElo "1834"]
[BlackElo "2849"]
[Opening "Sicilian: Nimzovich-Rossolimo attack (without ...d6)"]
[ECO "B30"]
[NIC "SI.31"]
[Time "14:21:17"]
[TimeControl "600+3"]

1. e4 c5 2. Nf3 Nc6 3. Bb5 d6 4. c3 Nf6 5. d3 Bd7 6. O-O g6 7. Re1 Bg7 8. d4
cxd4 9. cxd4 O-O 10. Nc3 Bg4 11. Be3 Nd7 12. d5 Bxf3 13. Qxf3 Nd4 14. Bxd4
Bxd4 15. Bxd7 Qxd7 16. Red1 Bf6 17. Rac1 Rfc8 18. b3 Rc5 19. Ne2 Rac8 20.
Qe3 Rc2 21. a4 Kg7 22. g3 a6 23. f4 Qg4 24. Rxc2 Rxc2 25. Re1 h5 26. e5 dxe5
27. fxe5 Bg5 28. Qf2 h4 29. d6 hxg3 30. Qxg3 Qb4 31. dxe7 Bxe7 32. Nf4 Bc5+
33. Kh1 Bf2 34. Nd3 Bxg3 35. Nxb4 Rxh2+ 36. Kg1 Bxe1 {White resigns} 0-1